 Dungeon Crawl Stone Soup version 0.30.0-19-g36f170ea60 (webtiles) character file.

Game seed: 16763752884619386102

76 Eitelfritz the Trooper (level 4, -1/41 HPs)
             Began as a Hill Orc Fighter on May 26, 2023.
             Succumbed to a goblin's poison
             ... on level 3 of the Dungeon.
             The game lasted 00:02:50 (1843 turns).

Eitelfritz the Trooper (Hill Orc Fighter)           Turns: 1843, Time: 00:02:50

Health: -1/41      AC:  8    Str: 20    XL:     4   Next: 32%
Magic:  4/4        EV:  9    Int:  8    God:
Gold:   143        SH:  4    Dex: 10    Spells: 3/3 levels left

rFire   . . .        a - +0 war axe
rCold   . . .        c - +0 buckler
rNeg    . . .        k - +0 scale mail
rPois   .            (no helmet)
rElec   .            (no cloak)
rCorr   .            (no gloves)
SInv    .            f - +0 pair of boots
Will    .....        (no amulet) Stlth
                     (no ring)
HPRegen 0.26/turn    (no ring)
MPRegen 0.09/turn

%: no passive effects
@: lethally poisoned (-1 -> -30)
A: no striking features
a: no special abilities


You were on level 3 of the Dungeon.
You visited 1 branch of the dungeon, and saw 3 of its levels.

You collected 143 gold pieces.

Inventory:

Hand Weapons
 a - a +0 war axe (weapon)
 b - a +0 sling
Missiles
 e - 10 poisoned darts (quivered)
Armour
 c - a +0 buckler (worn)
 f - a +0 pair of boots (worn)
 k - a +0 scale mail (worn)
Scrolls
 i - a scroll of teleportation {unknown}
 j - a scroll of summoning {unknown}
 l - a scroll of amnesia {unknown}
 m - 3 scrolls of identify {unknown}
 n - a scroll of immolation {unknown}
 o - a scroll of poison {unknown}
Potions
 d - 2 potions of might
 g - 3 potions of ambrosia
 h - a potion of degeneration {unknown}


   Skills:
 + Level 4.4 Fighting
 + Level 3.5 Axes
 + Level 4.1 Armour
 + Level 0.3 Dodging
 + Level 3.6 Shields


You had 3 spell levels left.
You didn't know any spells.
Your spell library contained the following spells:

 Spells                   Type           Power      Damage    Failure   Level
 Lesser Beckoning         Tloc           0%         N/A       92%         2
 Static Discharge         Conj/Air       0%         2-2/arc   92%         2
 Gell's Gravitas          Tloc           0%         N/A       99%         3
 Teleport Other           Tloc           0%         N/A       99%         3
 Airstrike                Air            0%         2d(0-16)  100%        4
 Summon Lightning Spire   Summ/Air       0%         N/A       100%        4


Dungeon Overview and Level Annotations

Branches:
Dungeon (3/15)

Altars:


Message History

You hit the goblin.
The goblin is severely wounded.
You hit the adder.
You feel very sick. The bat closely misses you. The bat barely misses you.
The adder bites you but does no damage. The goblin barely misses you.
You block the adder's attack.
It was a potion of ambrosia.
You are confused.
You feel invigorated.
You feel very sick. The bat hits you but does no damage. x2
The adder bites you but does no damage. The goblin hits you but does no damage.
Unknown command.
You barely miss the bat. You miss the goblin. You closely miss the adder.
You feel very sick. The bat hits you. The adder bites you but does no damage.
The goblin hits you but does no damage.
You are more poisoned.
The adder barely misses you. The goblin hits you but does no damage.
You are lethally poisoned!
You bump into the metal wall.
You feel less invigorated.
You feel less confused.
You feel very sick. The bat barely misses you. You block the bat's attack.
The adder bites you but does no damage. The goblin hits you but does no damage.
You are more poisoned.
You barely miss the goblin.
The goblin is severely wounded.
You barely miss the adder. You slash the bat!
You kill the bat!
* * * LOW HITPOINT WARNING * * *
You feel extremely sick. The adder misses you.
The adder bites you but does no damage. The goblin hits you but does no damage.
You are more poisoned.
You hit the goblin.
You kill the goblin!
You closely miss the adder.
You die...

# ##......###..# #
##......##.#..# #
##......##..#..# #
##......##.. #..# #
##......##.. #..# #
##......##.. #..# #
##......##.. #..# #
##.^....##S)## #..# #
#......###.@.### #..# #
#'#....).###...###.># #
#.###....(.###...#.##
######†..###......###.#.#
....###..).###......#'#.#
###.##..#....###......#.#
# #.##.##.##...###......#
# #.##.#..#..#)..###..###
# #.############## ####


You could see an adder.

Vanquished Creatures
  2 adders (D:2)
  2 ball pythons (D:2)
  12 bats
  4 endoplasms
  3 giant cockroaches
  3 goblins
  8 hobgoblins
  3 jackals (D:2)
  7 kobolds
  3 quokkas
  4 frilled lizards
  2 rats (D:3)
53 creatures vanquished.

Notes
Turn   | Place    | Note
-------+----------+-------------------------------------------
     0 | D:1      | Eitelfritz the Hill Orc Fighter began the quest for the
                  | Orb.
     0 | D:1      | Reached XP level 1. HP: 19/19 MP: 1/1
   117 | D:1      | Reached XP level 2. HP: 27/27 MP: 2/2
   458 | D:1      | Reached XP level 3. HP: 33/33 MP: 3/3
   508 | D:1      | Found a faded altar of an unknown god.
  1068 | D:2      | Reached XP level 4. HP: 28/41 MP: 4/4
  1843 | D:3      | Succumbed to a goblin's poison

Illustrated notes

Levels and vault maps discovered:
D:1:      minmay_arrival_four_houses, layout_basic,
          dreamdust_ecumenical_altar_angels_and_demons, serial_forest,
          infiniplex_forest_clump_small, infiniplex_forest_clump_long,
          infiniplex_forest_clump_C, infiniplex_forest_clump_small,
          infiniplex_forest_3_way, infiniplex_forest_end_1,
          infiniplex_forest_zigzag_1
D:2:      layout_loops_ring
D:3:      minmay_razor_zed, layout_basic, good_gods_temple_1, uniq_sigmund

Skill      XL: |  1  2  3 |
---------------+----------+-----
Fighting       | 4 |  4.4
Axes           | 3 |  3.5
Armour         | 4 |  4.1
Dodging        | |  0.3
Shields        | |  3.6

Action                     |  1- 3 |  4- 6 || total
---------------------------+-------+-------++-------
  Melee: War axe           |   120 |    44 ||   164
    Use: Potion            |       |     1 ||     1
 Armour: Scale mail        |    70 |    36 ||   106
  Dodge: Dodged            |    64 |    23 ||    87
  Block: Buckler           |    33 |    18 ||    51
